cohdb
Replays
Latest Replays
All Replays
Popular Replays
Top Player Replays
Match Explorer
How It Works
Community
CoH3 Stats
Reddit
Sign in to upload your games and track your stats! →
Sign in with Steam
Match 46904779
Unlisted
Match 46904779
Overview
Messages
Build Orders
End
Selects Italian Combined Arms Battlegroup
Selects Bersaglieri Squad
Bersaglieri Squad
250 Light Carrier
Bersaglieri Squad
Construct Light Support Kompanie
Bersaglieri Squad
Selects Bersaglieri Bolster
Combat Half-tracks
Fire Support Elements
Pak 38 Mechanized Group
2.5-tonne Medical Truck
Veteran Squad Leaders
Construct Panzerarmee Kommand
Tungsten Core Ammunition
Selects Breda Model 30 Light Machine Guns
Bersaglieri Squad
Walking Stuka Rocket Launcher
Selects Semovente da 75/18 Assault Gun
Pak 38 Anti-tank Gun Team
Walking Stuka Rocket Launcher
Bersaglieri Squad
Flakvierling Half-track
Selects Strafing Run
2.5-tonne Medical Truck
Selects Artillery Cover
Panzer III L Medium Tank
Emergency Repair Kits
Panzer III L Medium Tank
2.5-tonne Medical Truck
Armored Reserves
Flakvierling Half-track
Artillery Cover
Panzer III L Medium Tank
Panzer III L Medium Tank
Artillery Cover
Panzer IV Assault Group
dikaz23196
Gengeta
Neo
Herr Blautier
EPHX_Valkyrion
E.King
0
0
Comments
sign in to comment!
No comments posted yet!